 Dungeon Sprint DCSS version 0.30.1-11-g7821555f0a (webtiles) character file.

Game seed: 11629240512232600538

140 Groucho the Covert (level 5, -1/28 HPs)
             Began as a Spriggan Hunter on Dec 24, 2023.
             Was a Priest of Sif Muna.
             Succumbed to a water moccasin's poison
             ... in the Dungeon (Sprint VII: "The Pits").
             The game lasted 00:01:49 (192 turns).

Groucho the Covert (Spriggan Hunter)                 Turns: 192, Time: 00:01:49

Health: -1/28      AC:  2    Str:  7    XL:     5   Next: 2%
Magic:  8/13       EV: 19    Int: 13    God:    Sif Muna [***...]
Gold:   0          SH:  0    Dex: 18    Spells: 14/14 levels left

rFire   . . .        j - +2 dagger
rCold   . . .        (no shield)
rNeg    . . .        c - +0 robe
rPois   .            (helmet restricted)
rElec   .            (no cloak)
rCorr   .            (gloves unavailable)
SInv    +            (boots unavailable)
Will    .....        (no amulet)
Stlth   ++++         (no ring)
HPRegen 0.24/turn    (no ring)
MPRegen 0.13/turn

%: no teleportation
@: lethally poisoned (-1 -> -7), on berserk cooldown, slowed, quick
A: very small, no large weapons, unfitting armour, see invisible, speed 3
a: Renounce Religion, Channel Magic, Forget Spell


You were in the Dungeon.
You worshipped Sif Muna.
Sif Muna was most pleased with you.
You visited 1 branch

Inventory:

Hand Weapons
 a - a +0 shortbow
 j - a +2 dagger (weapon)
Armour
 c - a +0 robe (worn)
Scrolls
 b - a scroll of immolation
 i - a scroll of blinking
 l - 5 scrolls of amnesia
 m - a scroll of butterflies
Potions
 f - a potion of haste
 g - 4 potions of magic
 h - 2 potions of berserk rage
 k - 2 potions of invisibility


   Skills:
 - Level 3.0 Fighting
 + Level 6.2 Ranged Weapons
 - Level 2.0 Armour
 - Level 5.0 Dodging
 + Level 8.4 Stealth
 - Level 5.0 Spellcasting


You had 14 spell levels left.
You didn't know any spells.
Your spell library was empty.

Dungeon Overview and Level Annotations

Branches:
Dungeon (1/1)

Altars:
Ashenzari
Cheibriados
Dithmenos
Elyvilon
Fedhas
Gozag
Hepliaklqana
Kikubaaqudgha
Makhleb
Nemelex Xobeh
Okawaru
Qazlal
Ru
Sif Muna
Trog
Uskayaw
Vehumet
Wu Jian
Xom
Yredelemnul
Zin
The Shining One
Jiyva
Lugonu


Innate Abilities, Weirdness & Mutations

You are very small and have problems with some larger weapons.
You are too small for most types of armour.
You have supernaturally acute eyesight. (SInv)
You cover ground extremely quickly. (Speed+++)


Message History

Training target 3.0 for Fighting reached!
Training target 5.0 for Dodging reached!
Training target 2.0 for Armour reached!
Training target 5.0 for Spellcasting reached!
Your Fighting skill increases to level 3!
Your Ranged Weapons skill gained 2 levels and is now at level 6!
Your Armour skill increases to level 2!
Your Dodging skill increases to level 5!
Your Stealth skill gained 5 levels and is now at level 8!
Your Spellcasting skill gained 3 levels and is now at level 5!
You have reached level 4!
You have reached level 5!
You feel clever.
Unknown command.
Unknown command.
Unknown command.
Unknown command.
There is a lethal amount of poison in your body!
There is a lethal amount of poison in your body!
There is a lethal amount of poison in your body!
* * * LOW HITPOINT WARNING * * *
You feel very sick.
Unknown command.
You feel a strong urge to attack something.
* * * LOW HITPOINT WARNING * * *
You feel sick.
You are too berserk!
Unknown command.
* * * LOW HITPOINT WARNING * * *
You feel sick.
You feel your anger nearly subside.
You are no longer berserk.
You are exhausted.
You feel yourself slow down.
* * * LOW HITPOINT WARNING * * *
You feel sick.
You open the door.
* * * LOW HITPOINT WARNING * * *
You feel very sick.
Found nine items.
You die...

#.........)†'.......).
#+#####'#####......#..
#..#...'.##.........
#..#...#.#####'#####
#..#####.##.......#
#..'...#.##.......#
#..'...'.##.......#
#..########...<...#
#..@!)))[##.......#
#†.#!)))[##.......#
###########.......#
#########


There were no monsters in sight!

Vanquished Creatures
  A water moccasin (D)
  2 gnolls (D)
  An endoplasm (D)
  A giant cockroach (D)
  A goblin (D)
  A hobgoblin (D)
  4 jackals (D)
  A rat (D)
12 creatures vanquished.

Notes
Turn   | Place    | Note
-------+----------+-------------------------------------------
     0 | D        | Groucho the Spriggan Hunter began the quest for the Orb.
     0 | D        | Reached XP level 1. HP: 10/10 MP: 2/2
    49 | D        | Found a bloodstained altar of Trog.
    49 | D        | Found a shimmering blue altar of Sif Muna.
    49 | D        | Found a viscous altar of Jiyva.
    49 | D        | Found a hazy altar of Hepliaklqana.
    49 | D        | Found an opulent altar of Gozag.
    50 | D        | Found a glowing golden altar of the Shining One.
    50 | D        | Found a glowing silver altar of Zin.
    50 | D        | Found a basalt altar of Yredelemnul.
    50 | D        | Found a shimmering altar of Xom.
    50 | D        | Found an ornate altar of the Wu Jian Council.
    50 | D        | Found a sacrificial altar of Ru.
    50 | D        | Found a stormy altar of Qazlal.
    50 | D        | Found an iron altar of Okawaru.
    50 | D        | Found a sparkling altar of Nemelex Xobeh.
    50 | D        | Found a burning altar of Makhleb.
    50 | D        | Found a blossoming altar of Fedhas.
    50 | D        | Found a white marble altar of Elyvilon.
    50 | D        | Found a shadowy altar of Dithmenos.
    50 | D        | Found a snail-covered altar of Cheibriados.
    52 | D        | Found a radiant altar of Vehumet.
    52 | D        | Found a corrupted altar of Lugonu.
    53 | D        | Found a hide-covered altar of Uskayaw.
    53 | D        | Found an ancient bone altar of Kikubaaqudgha.
    53 | D        | Found a broken altar of Ashenzari.
    55 | D        | Became a worshipper of Sif Muna the Loreminder
    73 | D        | Reached skill level 2 in Stealth
    74 | D        | Reached * piety under Sif Muna
    83 | D        | Reached skill level 1 in Spellcasting
    90 | D        | Reached XP level 2. HP: 15/15 MP: 4/4
   129 | D        | Reached ** piety under Sif Muna
   130 | D        | Reached skill level 1 in Armour
   130 | D        | Reached skill level 3 in Stealth
   168 | D        | Reached XP level 3. HP: 19/19 MP: 7/7
   170 | D        | Noticed a water moccasin
   174 | D        | Reached *** piety under Sif Muna
   186 | D        | Killed a water moccasin
   187 | D        | Reached skill level 5 in Dodging
   187 | D        | Reached skill level 8 in Stealth
   187 | D        | Reached skill level 5 in Spellcasting
   187 | D        | Reached XP level 4. HP: 11/24 MP: 8/12
   187 | D        | Reached XP level 5. HP: 13/28 MP: 8/13
   191 | D        | HP: 1/28 [poisoned by a water moccasin]
   192 | D        | Succumbed to a water moccasin's poison

Illustrated notes

Levels and vault maps discovered:
D:        pitsprint [storerooms_1, entrance_room_1, metal_vault_1, armoury_1,
          mini_pit_1, grid_room_1, main_hall_1, silver_pit, the_coven_2,
          the_vestibule_1, steel_vault_5, golden_pit, hallway_of_sentries,
          crystal_vault_1, iron_vault_4, final_vault]

Skill      XL: |  1  2  3 |
---------------+----------+-----
Fighting       | 2 3 |  3.0
Dodging        | 3 4 5 |  5.0
Stealth        | 2 3 8 |  8.4
Spellcasting   | 1 2 5 |  5.0
Armour         | 1 2 |  2.0
Ranged Weapons | 6 |  6.2

Action                     |  1- 3 |  4- 6 || total
---------------------------+-------+-------++-------
  Melee: Dagger            |     2 |       ||     2
   Fire: Shortbow          |    40 |       ||    40
    Use: Potion            |     3 |       ||     3
 Armour: Robe              |     1 |       ||     1
  Dodge: Dodged            |    29 |       ||    29
